Winsalmostnever, neutral male human Tourist --------- --- ....... .| -.....- ---------.| |.....+ |(((|...|.| |.....| |(.(|...|.| |.....| |...|...|.| -+--.....----|---|---.| | -+---+---.......%....(........| |.............{......{..........| | --|---+--....-|----...........| |---.|....|.------|--.| |.@|.|....|.|..|(...|.| |.G-.|.._.|.-..|....|.| |..|.|....|.|..|....|.| ----.------.---------.| .. .. .| ---- ---- --- Winsalmostnever the Sightseer Experience level: 5 Strength: 13 Dexterity: 12 Constitution: 18 Intelligence: 11 Wisdom: 11 Charisma: 13 Health: 0(58) Energy: 20(20) Def: 4 Gold: 289 Moves: 2153 Dungeon seed: mgalUgRoGE7-mKMI Game ID: Winsalmostnever_1708256435 Your Inventory: Coins $ - 289 gold pieces Amulets s - an uncursed amulet of life saving Weapons a - 29 uncursed +2 darts (in quiver) A - a blessed +1 trident (weapon in hand) M - 3 uncursed +0 daggers Armor e - an uncursed +0 Hawaiian shirt (being worn) y - an uncursed +0 dwarvish cloak (being worn) z - an uncursed +0 leather armor (being worn) N - a cursed +0 pair of iron shoes (being worn) Comestibles b - 3 uncursed food rations c - an uncursed eucalyptus leaf g - 4 uncursed tripe rations Scrolls k - 2 uncursed scrolls of magic mapping l - a blessed scroll of magic mapping w - a cursed scroll of summoning L - an uncursed scroll of food detection O - an uncursed scroll of teleportation Potions x - an uncursed potion of object detection F - an uncursed potion of blindness J - an uncursed potion of gain energy Wands B - an uncursed wand of lightning (0:0) C - an uncursed wand of light (0:11) Tools m - an uncursed credit card n - an uncursed expensive camera (0:79) p - an uncursed magic marker (0:0) q - an uncursed tin opener r - an uncursed towel t - an uncursed pair of lenses u - an uncursed brass lantern (0:1179) K - an uncursed magic whistle Spells and supernatural/magical abilities: Name Level Category Cost Memory n - detect monsters 1 divination 12pw 100% I - identify 2 divination 25pw 99% W - pray for help -- divine ? -- Your skills at the end: Fighting Skills wands [Basic] Weapon Skills trident [Basic] dart [Basic] Spellcasting Skills Final Attributes: You were piously aligned. You were lucky. The Lady was slightly pleased with you. You are dead. Vanquished creatures: a large mimic a bugbear a shrieker 3 gnome lords 3 gnomish wizards 4 dwarves a homunculus a giant bat an iguana 4 giant rats a red mold 17 gnomes 4 jackals a fox a goblin 4 grid bugs 6 lichens 3 newts 57 creatures vanquished. Voluntary challenges: You had been an atheist until turn 2087. You used a wielded weapon 95 times, starting on turn 389. You read items or engraved 10 times, starting on turn 166. You never genocided any monsters. You never polymorphed an object. You never changed form. You used no wishes. You never split a pudding. You never wrote Elbereth's name. You never violated your personal moral code. Dungeon overview: The Dungeons of Doom: levels 1 to 4 Level 1 a fountain a long staircase Level 2 a general store, a fountain, a vault Level 3 Level 4 stairs to The Gnomish Mines The Gnomish Mines: levels 5 to 7 Level 5 stairs to The Dungeons of Doom Level 6 Level 7 <- You were here a lighting shop, a temple to The Lady, some fountains History has recorded: On T:1 you entered the Dungeons of Doom to retrieve the Amulet of Yendor! On T:272 you reached level 2 of The Dungeons of Doom. On T:694 you reached level 3 of The Dungeons of Doom. On T:805 you advanced to experience level 2. On T:943 you reached level 4 of The Dungeons of Doom. On T:1189 you advanced to experience level 3. On T:1355 you reached level 1 of The Gnomish Mines. On T:1379 you advanced to experience level 4. On T:1728 you reached level 2 of The Gnomish Mines. On T:1766 you advanced to experience level 5. On T:1890 you reached level 3 of The Gnomish Mines. Score breakdown: Gold: 78 ( 6455 points) Experience: 5 levels (11141 points) Exploration: 7 levels ( 14.58%) (10718 points) Discoveries: 23 items ( 7.59%) ( 8265 points) Valuables value: (no points given unless you survive) Artifact value: 0 ( 0 points) Variety of kills: 18 monsters ( 4.74%) ( 6529 points) Turncount: 2153 turns ( -109 points) Survival: died (score multiplied by 80%) Total score: 34399 Latest messages: You hit the gnome king. The gnome king swings his crossbow at you. The gnome king hits! You hit the gnome king. The gnome king swings his crossbow at you. The gnome king hits! The gnome king can see again. You feel much better. You hit the gnome king! The gnome king swings his crossbow at you. The gnome king hits! You hit the gnome king. The gnome king swings his crossbow at you. The gnome king hits! You hit the gnome king. The gnome king swings his crossbow at you. The gnome king hits! You hit the gnome king! The gnome king swings his crossbow at you. The gnome king hits! You hit the gnome king. The gnome king swings his crossbow at you. The gnome king hits! You die... Final status: Aloha Winsalmostnever the Tourist, killed by a gnome king... You died in The Gnomish Mines on dungeon level 7 with 34399 points, and 289 pieces of gold, after 2153 moves. You were level 5 with a maximum of 58 hit points when you died.